 Dungeon Crawl Stone Soup version bcrawl-1.21.3 (webtiles) character file.

Game seed: 6554609041334584162

10 MisterOstroum the Insei (level 2, 8/22 HPs)
             Began as a Demonspawn Transmuter on Mar 25, 2020.
             Quit the game on level 1 of the Dungeon.
             The game lasted 00:00:25 (286 turns).

MisterOstroum the Insei (Demonspawn Transmuter)      Turns: 286, Time: 00:00:26

Health: 8/22       AC:  2    Str: 10    XL:     2   Next: 10%
Magic:  3/5        EV: 12    Int: 14    God:
Gold:   0          SH:  0    Dex: 13    Spells: 4/5 levels left

rFire    . . .     SeeInvis .     - Unarmed
rCold    . . .     Gourm    .   (no shield)
rNeg     . . .     Faith    .   b - +0 robe
rPois    .         Spirit   .   (helmet restricted)
rElec    .         Reflect  .   (no cloak)
rCorr    .         Harm     .   (no gloves)
MR       .....                  (no boots)
Stlth    +.........             (no amulet)
HPRegen  0.07/turn              (no ring)
MPRegen  0.09/turn              (no ring)

@: very slightly contaminated
A: antennae 1
a: no special abilities


You were on level 1 of the Dungeon.
You were not hungry.

You visited 1 branch of the dungeon, and saw 1 of its levels.

Inventory:

Missiles
 a - 120 arrows
Armour
 b - a +0 robe (worn)
 f - a +0 buckler
Scrolls
 g - a scroll of enchant armour {unknown}
Potions
 d - a potion of lignification {@q6}
Comestibles
 c - 2 chunks of flesh
 e - a ration {!d}


   Skills:
 - Level 2.2 Fighting
 - Level 1.7 Dodging
 + Level 2.6 Unarmed Combat
 - Level 2.0 Spellcasting
 - Level 1.7 Transmutations


You had 4 spell levels left.
You knew the following spells:

 Your Spells              Type           Power        Failure   Level  Hunger
a - Beastly Appendage     Tmut           #.....       12%         1    ##.....

Your spell library contained the following spells:

 Spells                   Type           Power        Failure   Level  Hunger
 Sticks to Snakes         Tmut           #.......     17%         2    ###....
 Spider Form              Tmut/Pois      #..          45%         3    ####...
 Ice Form                 Ice/Tmut       #.......     86%         4    #####..
 Blade Hands              Tmut           #.........   97%         5    ######.


Dungeon Overview and Level Annotations

Branches:
Dungeon (1/12)

Altars:


Innate Abilities, Weirdness & Mutations

You have a pair of small antennae on your head.


Message History

Casting: Beastly Appendage (safe; 12% risk of failure)
Confirm with . or Enter, or press ? or * to list all spells.
You grow a pair of large bovine horns.
The rat bites you.
Unknown command.
You completely miss the rat. The rat barely misses you. The rat bites you.
You hit the rat.
You kill the rat!
The rat barely misses you.
You hit the rat.
You kill the rat!
No target in view!
No target in view!
No target in view!
No target in view!
No target in view!
No target in view!
No target in view!
No target in view!
No target in view!
No target in view!
No target in view!
Your transformation is almost over.
Your horns disappear.
Your magical contamination has completely faded away.
You butcher the rat corpse.
c - a chunk of flesh You see here a rat skeleton. x2
A bat comes into view.
A bat is nearby!
A bat is nearby!
A bat is nearby!
A goblin comes into view. It is wielding a +0 dagger.
The goblin shouts!
You closely miss the bat. The bat barely misses you. The bat barely misses you.
You barely miss the bat. The bat hits you but does no damage.
You hit the bat.
You kill the bat!
You hit the goblin.
You kill the goblin!
No target in view!
No target in view!
No target in view!
No target in view!
No target in view!
No target in view!
No target in view!
No target in view!
No target in view!
No target in view!
No target in view!
You butcher the bat corpse.
c - 2 chunks of flesh (gained 1)
You see here a bat skeleton. x2
You see here a +0 dagger.
f - a buckler
g - a scroll labeled DEUTON ESTENEE An ooze comes into view.
The ooze quivers.
Found a stone staircase leading down.
Found 2 scrolls labeled CAPUVOULAS.
The ooze hits you.
Found 95 stones.
You hit the ooze.
The ooze is lightly wounded.
The ooze barely misses you.
You hit the ooze.
The ooze is moderately wounded.
The ooze misses you.
You hit the ooze but do no damage.
The ooze is moderately wounded.
The ooze barely misses you.
You barely miss the ooze.
The ooze is moderately wounded.
The ooze hits you.
You hit the ooze.
The ooze is severely wounded.
The ooze hits you.
You hit the ooze but do no damage.
The ooze is severely wounded.
The ooze closely misses you.
Casting: Beastly Appendage (safe; 12% risk of failure)
Confirm with . or Enter, or press ? or * to list all spells.
You miscast Beastly Appendage.
You are very lightly contaminated with residual magic.
Your skin tingles.
The ooze hits you.
You completely miss the ooze.
The ooze is severely wounded.
The ooze completely misses you.
You hit the ooze.
You kill the ooze!
Training target 2.0 for Fighting reached!
Your Fighting skill increases to level 2!
You need to enable at least one skill for training.
You have reached level 2!
Your demonic ancestry asserts itself...
A pair of antennae grows on your head!
Autopickup is now off.
No path to travel!
Are you sure you want to abandon this character and quit the game? (Confirm with "yes".)

..>.##. ...........
.#### ........... .....
........... .?....
#.#........
(.....###.#........
........?.#........
#....@...........
#.....#..........
#######...######## ##.
.......#..#......#
+..##......#..#......#
..#..........##.#......#
..#....................#
......#.##............#
#....................#


There were no monsters in sight!

Vanquished Creatures
  An ooze (D:1)
  A goblin (D:1)
  A hobgoblin (D:1)
  A bat (D:1)
  3 rats (D:1)
7 creatures vanquished.

Notes
Turn   | Place    | Note
-------+----------+-------------------------------------------
     0 | D:1      | MisterOstroum the Demonspawn Transmuter began the quest for
                  | the Orb.
     0 | D:1      | Reached XP level 1. HP: 15/15 MP: 3/3
   285 | D:1      | Gained mutation: You have a pair of small antennae on your
                  | head. [demonic ancestry]
   285 | D:1      | Reached XP level 2. HP: 8/22 MP: 3/5
   286 | D:1      | Quit the game

Skill      XL: |  1 |
---------------+----+-----
Fighting       | 2 |  2.2
Dodging        | |  1.7
Unarmed Combat | |  2.6
Spellcasting   | |  2.0
Transmutations | |  1.7

Action                   || total
-------------------------++-------
Melee: Unarmed           ||    19
 Cast: Beastly Appendage ||     2
Armor: Robe              ||     2
Dodge: Dodged            ||    11
